 Dungeon Crawl Stone Soup version 0.24-a0-370-g78e9d4e317 (webtiles) character file.

Game seed: 6344091101695033938

17603 infamovsego the Fighter (level 12, -10/169 HPs)
             Began as a Minotaur Berserker on May 30, 2019.
             Was an Elder of Trog.
             Mangled by an orc warlord
             ... wielding a +0 great sword
              (28 damage)
             ... on level 2 of the Orcish Mines.
             The game lasted 02:07:57 (23792 turns).

infamovsego the Fighter (Minotaur Berserker)       Turns: 23792, Time: 02:07:57

Health: -10/169    AC: 19    Str: 31    XL:     12   Next: 20%
Magic:  9/11       EV:  9    Int:  4    God:    Trog [****..]
Gold:   62         SH:  5    Dex: 11    Spells: 11/11 levels left

rFire    + + .     SeeInvis .   d - +3 whip (freeze)
rCold    x . .     Gourm    .   H - +0 buckler
rNeg     . . .     Faith    +   S - +2 plate armour {rF+}
rPois    .         Spirit   .   (helmet restricted)
rElec    .         Reflect  .   (no cloak)
rCorr    .         Harm     .   I - +0 pair of gloves
MR       ++...                  x - +1 pair of boots
Stlth    ..........             A - amulet of faith
HPRegen  1.38/turn              B - ring of fire
MPRegen  0.12/turn              (no ring)

@: berserking, regenerating, slowed
A: retaliatory headbutt, horns 2
a: Berserk, Trog's Hand, Brothers in Arms, Renounce Religion


You were on level 2 of the Orcish Mines.
You worshipped Trog.
Trog was greatly pleased with you.
You were near starving.

You visited 3 branches of the dungeon, and saw 13 of its levels.

You collected 1043 gold pieces.
You spent 981 gold pieces at shops.

Inventory:

Hand Weapons
 a - a +3 short sword of draining
 d - a +3 whip of freezing (weapon)
 v - a +0 flail of draining
 P - the +3 flail of Iminen {flame, +Blink rPois SInv, unknown}
   (Trog gifted it to you on level 9 of the Dungeon)

   It has been specially enchanted to burn those struck by it, causing extra
   injury to most foes and up to half again as much damage against particularly
   susceptible opponents.
   It protects you from poison.
   It lets you see invisible.
   It lets you blink.
 Q - a +0 war axe of venom
Missiles
 i - 59 poisoned darts (quivered)
 J - 2 javelins
Armour
 b - a +2 plate armour of cold resistance
 g - the cursed +1 plate armour "Hoysug" {*Slow MR+ Dex+7, unknown}
   (You bought it in a shop on level 2 of the Orcish Mines)

   It affects your dexterity (+7).
   It affects your resistance to hostile enchantments.
   It may slow you when you take damage.
   It has a curse placed upon it.
 x - a +1 pair of boots (worn)
 H - a +0 buckler (worn)
 I - a +0 pair of gloves (worn)
 K - a +0 shield
 S - a +2 plate armour of fire resistance (worn)
Jewellery
 A - an amulet of faith (around neck)
 B - a ring of fire (left hand)
Wands
 h - a wand of digging (3)
 r - a wand of disintegration (17)
 G - a wand of enslavement (6)
Scrolls
 e - 7 scrolls of teleportation
 j - a scroll of fear
 k - a scroll of enchant weapon
 q - 6 scrolls of amnesia
 t - 2 scrolls of magic mapping
 y - 8 scrolls of remove curse
 E - a scroll of fog {unknown}
 O - a scroll of brand weapon
Potions
 f - 3 potions of might
 l - 4 potions of heal wounds {unknown}
 m - 5 potions of curing {unknown}
 n - a potion of magic {unknown}
 o - 2 potions of ambrosia {unknown}
 p - 3 potions of berserk rage {unknown}
 u - 2 potions of cancellation {unknown}
 w - 3 potions of agility {unknown}
 z - 2 potions of haste {unknown}
 C - 2 potions of degeneration {unknown}
 D - 2 potions of brilliance
 L - 3 potions of flight {unknown}
Comestibles
 c - 18 rations
 s - 7 chunks of flesh


   Skills:
 - Level 12.6 Fighting
 + Level 12.1(14.1) Axes
 - Level 12.4(14.3) Maces & Flails
 - Level 8.5 Armour
 - Level 2.7 Dodging
 - Level 7.5 Shields


You had 11 spell levels left.
You didn't know any spells.
Your spell library contained the following spells:

 Spells                   Type           Power        Failure   Level  Hunger
 Animate Skeleton         Necr           N/A          99%         1    ##.....
 Apportation              Tloc           #.....       99%         1    ##.....
 Confusing Touch          Hex            #.....       99%         1    ##.....
 Summon Small Mammal      Summ           #...         99%         1    ##.....


Dungeon Overview and Level Annotations

Branches:
Dungeon (10/15)            Temple (1/1) D:6             Orc (2/2) D:10
   Lair: D:8-11         Elf: Orc:2

Altars:
Ashenzari
Cheibriados
Dithmenos
Elyvilon
Fedhas
Gozag
Hepliaklqana
Kikubaaqudgha
Makhleb
Nemelex Xobeh
Okawaru
Qazlal
Ru
Sif Muna
Trog
Uskayaw
Vehumet
Wu Jian
Xom
Yredelemnul
Zin
The Shining One
Beogh

Shops:
D:8 [   Orc:2 ([=(*


Innate Abilities, Weirdness & Mutations

You reflexively headbutt those who attack you in melee.
You have a pair of horns on your head.


Message History

The orc wizard casts a spell at you.
The magic dart hits you but does no damage.
The orc wizard hits you with a +2 antimagic dagger.
* * * LOW HITPOINT WARNING * * *
You feel your power leaking away.
The orc warlord hits you with a +0 great sword!!
* * * LOW HITPOINT WARNING * * *
The orc wizard mumbles some strange words.
The orc wizard blinks!
A red film seems to cover your vision as you go berserk!
You feel yourself moving faster!
You feel mighty!
You are near starving!
You block the orc warlord's attack.
The orc wizard points at you and mumbles some strange words.
The magic dart hits you but does no damage.
You feel a strong urge to attack something.
You whack the orc warlord! You freeze the orc warlord.
The orc warlord is almost dead.
The orc warlord hits you with a +0 great sword!!
You die...

####...#...# #..
..................###...#...# #..
..........#.....#...##########..#
....................... ...#.
.....................# .....
.................#..#########....
.......................#.#.#.....
..............o..................
...$...........o@......#...#.....
.........#....##.#..#.....#..#.._
.........[..........##.##........
...........#.....#.######.∩^#....
.........#......#### ##........
........#......## #..#......
....#.####.##...# ##........
....### ###...## ###.....# ##.#
##.## #.......


You could see an orc warlord and an orc wizard.

Vanquished Creatures
  An orc warlord (Orc:2)
  3 two-headed ogres
  An orc high priest (Orc:2)
  2 unseen horrors
  5 trolls
  3 hippogriffs (D:9)
  2 wyverns (D:9)
  5 yaks (D:10)
  A hungry ghost (D:7)
  A warg (Orc:1)
  23 orc warriors
  3 sky beasts
  5 black bears (D:8)
  7 ogres
  A phantom (D:8)
  2 centaurs
  A big kobold (D:9)
  7 bullfrogs
  Blork the orc (D:4)
  2 gnoll sergeants
  3 scorpions
  12 killer bees
  3 wights (D:9)
  3 crimson imps
  6 howler monkeys
  2 bullfrog zombies
  2 centaur zombies
  5 jellies
  A bullfrog skeleton (D:6)
  6 hounds
  13 orc priests
  A centaur skeleton (D:10)
  17 orc wizards
  Crazy Yiuf (D:2)
  4 iguanas
  Ijyb (D:2)
  7 worker ants
  2 hound skeletons
  3 worker ant zombies
  10 gnolls
  14 adders
  2 oozes
  An adder skeleton (D:8)
  5 worms
  A dart slug (D:1)
  4 leopard geckos
  73 orcs
  7 giant cockroaches
  8 goblins
  6 hobgoblins
  4 jackals (D:4)
  2 quokkas
  A ball python (D:4)
  5 bats
  6 frilled lizards
  21 kobolds
  A leopard gecko skeleton (D:6)
  A leopard gecko zombie (D:7)
  3 quokka skeletons
  11 rats
  5 fungi (D:2)
  4 plants
363 creatures vanquished.

Vanquished Creatures (collateral kills)
  Erolcha (D:9)
  A two-headed ogre (D:9)
  An orc high priest (Orc:2)
  An orc knight (Orc:2)
  An orc sorcerer (Orc:2)
  A cyclops (Orc:1)
  9 orc warriors
  2 ogres
  A big kobold (D:8)
  2 orc priests (Orc:2)
  5 orc wizards
  A leopard gecko (D:9)
  17 orcs
43 creatures vanquished.

Vanquished Creatures (others)
  3 plants (D:8)
  A withered plant (D:3)
4 creatures vanquished.

Grand Total: 410 creatures vanquished

Notes
Turn   | Place    | Note
-------+----------+-------------------------------------------
     0 | D:1      | infamovsego the Minotaur Berserker began the quest for the
                  | Orb.
     0 | D:1      | Reached XP level 1. HP: 19/19 MP: 0/0
   615 | D:1      | Reached XP level 2. HP: 27/27 MP: 1/1
  1543 | D:2      | Reached XP level 3. HP: 33/33 MP: 2/2
  1871 | D:2      | Reached ** piety under Trog
  2064 | D:2      | Noticed a sky beast
  2801 | D:2      | Reached XP level 4. HP: 41/41 MP: 3/3
  2919 | D:2      | Killed a sky beast
  2919 | D:2      | Reached skill level 5 in Fighting
  2919 | D:2      | Reached skill level 5 in Axes
  2919 | D:2      | Reached XP level 5. HP: 21/50 MP: 4/4
  3608 | D:2      | Found a runed translucent door.
  3609 | D:2      | Noticed Crazy Yiuf
  3617 | D:2      | Killed Crazy Yiuf
  4030 | D:3      | Noticed Ijyb
  4036 | D:2      | Paralysed by Ijyb for 7 turns
  4047 | D:2      | Paralysed by Ijyb for 3 turns
  4054 | D:2      | Killed Ijyb
  4652 | D:3      | Reached XP level 6. HP: 48/58 MP: 5/5
  6025 | D:3      | Found a blossoming altar of Fedhas.
  6028 | D:3      | Found an ancient bone altar of Kikubaaqudgha.
  6126 | D:4      | Found a glowing silver altar of Zin.
  6339 | D:4      | Reached skill level 1 in Maces & Flails
  6354 | D:4      | Reached XP level 7. HP: 59/66 MP: 6/6
  6514 | D:4      | Noticed Blork the orc
  6518 | D:4      | Killed Blork the orc
  6557 | D:4      | Reached *** piety under Trog
  6734 | D:4      | Found a bloodstained altar of Trog.
  6751 | D:4      | Found a sparkling altar of Nemelex Xobeh.
  6950 | D:4      | Found a hazy altar of Hepliaklqana.
  7253 | D:5      | Entered Level 5 of the Dungeon
  7280 | D:5      | Reached skill level 5 in Maces & Flails
  7587 | D:5      | Reached XP level 8. HP: 68/73 MP: 7/7
  7892 | D:5      | Found a shimmering altar of Xom.
  8593 | D:6      | Reached **** piety under Trog
  9234 | D:6      | Found a staircase to the Ecumenical Temple.
  9331 | D:6      | Found an ornate altar of the Wu Jian Council.
  9346 | D:6      | Found an iron altar of Okawaru.
  9845 | Temple   | Entered the Ecumenical Temple
 10129 | D:7      | Reached skill level 10 in Maces & Flails
 10490 | D:7      | Reached XP level 9. HP: 78/79 MP: 8/8
 11668 | D:8      | Noticed a troll
 11691 | D:8      | Killed a troll
 11691 | D:8      | Reached skill level 10 in Fighting
 12272 | D:8      | Found Fymuh's Antique Armour Boutique.
 12280 | D:8      | Bought a buckler for 130 gold pieces
 12280 | D:8      | Bought a pair of gloves for 130 gold pieces
 12597 | D:8      | Reached skill level 1 in Shields
 12796 | D:8      | Killed an unseen horror
 12796 | D:8      | Reached skill level 5 in Armour
 12796 | D:8      | Reached XP level 10. HP: 39/95 MP: 9/9
 13638 | D:9      | Reached ***** piety under Trog
 13690 | D:9      | Noticed a two-headed ogre
 13701 | D:9      | Killed a two-headed ogre
 14001 | D:9      | Noticed a two-headed ogre
 14006 | D:9      | Killed a two-headed ogre
 14319 | D:9      | Noticed a two-headed ogre
 14340 | D:9      | Killed a two-headed ogre
 14340 | D:9      | Reached skill level 5 in Shields
 15768 | D:9      | Received a gift from Trog
 15782 | D:9      | Got a crystal flail {god gift}
 16018 | D:9      | Noticed Erolcha
 16023 | D:9      | Killed Erolcha
 16023 | D:9      | Reached XP level 11. HP: 105/105 MP: 10/10
 16629 | D:10     | Entered Level 10 of the Dungeon
 16879 | D:10     | Killed an unseen horror
 18817 | D:10     | Found a staircase to the Orcish Mines.
 18922 | Orc:1    | Entered Level 1 of the Orcish Mines
 20877 | Orc:1    | Found a roughly hewn altar of Beogh.
 21457 | Orc:2    | Entered Level 2 of the Orcish Mines
 21638 | Orc:2    | Found a roughly hewn altar of Beogh.
 21686 | Orc:2    | Noticed an orc sorcerer
 21691 | Orc:2    | Noticed a sixfirhy
 21699 | Orc:2    | Killed an orc sorcerer
 22044 | Orc:2    | Noticed a two-headed ogre
 22057 | Orc:2    | Killed a two-headed ogre
 22444 | Orc:2    | Found a roughly hewn altar of Beogh.
 22452 | Orc:2    | Noticed an orc high priest
 22478 | Orc:2    | Killed an orc high priest
 22507 | Orc:2    | Found Ohieta's Assorted Antiques.
 22732 | Orc:2    | Bought a scroll of identify for 42 gold pieces
 22732 | Orc:2    | Bought a scroll of remove curse for 63 gold pieces
 22806 | Orc:2    | Noticed an orc knight
 22809 | Orc:2    | Reached skill level 10 in Axes
 22830 | Orc:2    | Noticed an orc high priest
 22832 | Orc:2    | Killed an orc knight
 22878 | Orc:2    | Received a gift from Trog
 22883 | Orc:2    | Killed an orc high priest
 22884 | Orc:2    | Reached XP level 12. HP: 13/113 MP: 11/11
 23359 | Orc:2    | Noticed an orc warlord
 23398 | Orc:2    | Killed an orc warlord
 23604 | Orc:2    | Found Enolah Muvu's Antique Armour Shop.
 23609 | Orc:2    | Found a roughly hewn altar of Beogh.
 23612 | Orc:2    | Found Ytaing's Antique Weapon Boutique.
 23652 | Orc:2    | Bought a bloodstained plate armour for 616 gold pieces
 23687 | Orc:2    | Found a roughly hewn altar of Beogh.
 23688 | Orc:2    | Found Fudeenap's Weapon Shoppe.
 23710 | Orc:2    | Found a bloodstained altar of Trog.
 23719 | Orc:2    | Found Miut's Jewellery Shop.
 23762 | Orc:2    | Found a roughly hewn altar of Beogh.
 23763 | Orc:2    | Noticed an orc warlord
 23792 | Orc:2    | Mangled by an orc warlord

Levels and vault maps discovered:
D:1:      wander_arrival_estate, layout_basic
D:2:      layout_loops_corners, dk_noncrumbling_4, uniq_crazy_yiuf_cottage
D:3:      lemuel_upstairs_altar, layout_loops_ring,
          grunt_temple_overflow_growth_and_decay, first_ration, uniq_ijyb
D:4:      layout_basic, lemuel_crystal_altar, kennysheep_little_box,
          lemuel_coloured_pillars_altar, nicolae_overflow_hidden_temple,
          uniq_blork_the_orc
D:5:      layout_cave_pools, lemuel_doored_altar, kennysheep_generic_room_13
D:6:      layout_basic, amethyst_overflow_temple_binary,
          minmay_temple_entry_sparse_star, chequers_serial_rivers_large_b
D:7:      layout_loops_cross
D:8:      layout_basic, serial_shops, shop, minmay_shattered_shrine
D:9:      layout_grid_maze, enter_bailey_2, uniq_erolcha
D:10:     layout_roguey, orc_0_dummy
Temple:   cyrus_circular_temple
Orc:1:    layout_caves, basic_altar, lightli_orcish_oven
Orc:2:    grunt_orc_community_town_hall, layout_caves,
          grunt_orc_community_big_house_1, grunt_orc_community_big_house_2,
          grunt_orc_community_house_2, grunt_orc_community_house_2,
          grunt_orc_community_house_1, grunt_orc_community_house_2,
          grunt_orc_community_house_1, serial_shops, nicolae_shop_stone,
          special_room, hangedman_feature_mirror

Skill      XL: |  1  2  3  4  5  6  7  8  9 10 11 12 |
---------------+-------------------------------------+-----
Fighting       | 4 5 6 7 11 12 | 12.6
Axes           | 4 5 6 10 12 | 12.1
Armour         | 3 5 8 |  8.5
Maces & Flails | 2 6 10 11 12 | 12.4
Shields        | 2 6 7 |  7.5
Dodging        | |  2.7

Action                   |  1- 3 |  4- 6 |  7- 9 | 10-12 || total
-------------------------+-------+-------+-------+-------++-------
Melee: Hand axe          |    83 |   146 |       |       ||   229
       Headbutt          |    13 |    36 |    76 |   135 ||   260
       Whip              |       |    15 |   403 |   642 ||  1060
Throw: Dart              |       |       |    11 |    11 ||    22
Invok: Berserk           |       |     4 |     5 |     8 ||    17
       Brothers in Arms  |       |       |     1 |    12 ||    13
       Trog's Hand       |       |       |     1 |     5 ||     6
  Use: Scroll            |       |     3 |    11 |     1 ||    15
 Stab: Sleeping          |     1 |       |       |       ||     1
       Distracted        |       |       |     1 |       ||     1
  Eat: Chunk             |     6 |     5 |     9 |    20 ||    40
       Ration            |       |     3 |     5 |     8 ||    16
Armor: Animal skin       |     9 |       |       |       ||     9
       Ring mail         |    10 |    13 |       |       ||    23
       Chain mail        |       |    45 |   113 |       ||   158
       Plate armour      |       |       |    67 |   351 ||   418
Dodge: Dodged            |    40 |    47 |   133 |   174 ||   394
Block: Buckler           |       |       |     1 |   131 ||   132

Table legend:
 A = Non-vault XP
 B = Vault XP
 C = Vault XP percentage of total XP
 D = Non-vault monster count
 E = Vault monster count
 F = Vault count percentage of total count
                 A         B        C        D         E       F
            +---------+---------+-------+---------+---------+-------
      Total |   16753 |    8395 |  33.4 |     312 |      85 |  21.4
            +---------+---------+-------+---------+---------+-------
        D:1 |      28 |       0 |   0.0 |      17 |       0 |   0.0
        D:2 |     224 |      72 |  24.3 |      28 |       2 |   6.7
        D:3 |     222 |       0 |   0.0 |      25 |       0 |   0.0
        D:4 |     361 |      90 |  20.0 |      29 |       1 |   3.3
        D:5 |     618 |       0 |   0.0 |      13 |       0 |   0.0
        D:6 |     530 |       0 |   0.0 |      17 |       0 |   0.0
        D:7 |    1102 |       0 |   0.0 |      21 |       0 |   0.0
        D:8 |     551 |    2252 |  80.3 |      14 |      15 |  51.7
        D:9 |    5302 |     487 |   8.4 |      57 |       1 |   1.7
       D:10 |    3551 |       0 |   0.0 |      37 |       0 |   0.0
      Orc:1 |    1209 |     151 |  11.1 |      21 |       6 |  22.2
      Orc:2 |    3055 |    5343 |  63.6 |      33 |      60 |  64.5
            +---------+---------+-------+---------+---------+-------
